 Dungeon Crawl Stone Soup version 0.14.2 (webtiles) character file.

288 rftp080 the Ruinous (level 4, -1/19 HPs)
             Began as a Felid Conjurer on May 26, 2016.
             Shot with a stone by a gnoll (6 damage)
             ... on Level 2 of the Dungeon.
             The game lasted 00:18:51 (4511 turns).

rftp080 the Ruinous (Felid Conjurer)                Turns: 4511, Time: 00:18:51

HP  -1/19        AC  1     Str  4      XL: 4   Next: 65%
MP   4/11        EV 19     Int 17      God:
Gold 175         SH  0     Dex 16      Spells:  2 memorised,  5 levels left
Lives: 0, deaths: 1

rFire  . . .     SeeInvis +     (weapon unavailable)
rCold  . . .     Clarity  .     (armour unavailable)
rNeg   . . .     Conserve .     (shield unavailable)
rPois  .         rCorr    .     (helmet unavailable)
rElec  .         rRot     .     (cloak unavailable)
SustAb . .       Spirit   .     (gloves unavailable)
rMut   .         Warding  .     (boots unavailable)
Saprov . . .     Stasis   .     (no amulet)
MR     .....                    (no ring)
                                (no ring)

@: quick, not resistant to hostile enchantments, stealthy
A: paw claws, no armour, no weapons or thrown items, fangs 3, see invisible,
carnivore 3, speed 1, shaggy fur 1, slow metabolism 1, jump 1
a: Jump Attack


You were on level 2 of the Dungeon.
You were very full.

You visited 1 branch of the dungeon, and saw 3 of its levels.

You collected 175 gold pieces.

Inventory:

Comestibles
 b - 2 meat rations
Scrolls
 a - a scroll of identify
 d - a scroll of random uselessness {unknown}
 f - a scroll of remove curse {unknown}
 g - a scroll of enchant weapon I {unknown}
Potions
 e - a potion of paralysis {unknown}
 h - a potion of berserk rage {unknown}
Books
 c - a book of Conjurations

   Spells                             Type                      Level
   *Magic Dart                        Conjuration                  1
   *Searing Ray                       Conjuration                  2
   Dazzling Spray                     Conjuration/Hexes            3
   Fulminant Prism                    Conjuration/Hexes            4
   Iskenderun's Mystic Blast          Conjuration                  4
   Iskenderun's Battlesphere          Conjuration/Charms           5


   Skills:
 + Level 1.1 Fighting
 + Level 4.1 Dodging
 - Level 2.6 Stealth
 + Level 2.6 Spellcasting
 + Level 5.0 Conjurations


You had 5 spell levels left.
You knew the following spells:

 Your Spells              Type           Power        Failure   Level  Hunger
a - Magic Dart            Conj           ###.         2%          1    #......
b - Searing Ray           Conj           ###...       3%          2    ##.....


Dungeon Overview and Level Annotations

Branches:
Dungeon (3/15)

Altars:

Annotations:
D:2 Ijyb, Jessica, Sigmund


Innate Abilities, Weirdness & Mutations

You cannot wear armour.
You are incapable of wielding weapons or throwing items.
Your paws have sharp claws.
You have razor-sharp teeth.
You have supernaturally acute eyesight.
You are carnivorous and can eat meat at any time.
You cover ground quickly.
You are covered in fur (AC +1).
You have a slow metabolism.
You can jump attack at a short distance.


Message History

Your Fighting skill increases to level 1!
Your Conjurations skill increases to level 5!
Unknown command.
Things that are here:
a dagger; a robe
Things that are here:
a dagger; a robe You start resting.
A gnoll comes into view. It is wielding a flail.
You closely miss the gnoll. The gnoll closely misses you.
The gnoll unwields an uncursed flail.
The gnoll wields a sling.
The gnoll shoots a stone.
The stone hits you!
The gnoll shoots a stone.
The stone hits you!
A gnoll comes into view. It is wielding a spear.
You see here a stone.
The gnoll shoots a stone.
The stone hits you!
* * * LOW HITPOINT WARNING * * *
You see here a stone.
The gnoll shoots a stone.
The stone hits you!
You die...

#.##.# ###########.##.#
###.....).....##.#
###≈≈...≈≈########.####
##≈≈≈≈...≈≈≈≈######.....
#≈≈≈##'''##≈≈≈≈≈≈#######
#≈≈≈#.....#≈≈≈≈≈≈≈##
#...#.....#.)...≈≈≈#
#.%.#..@..#%..)..≈≈#
##'##.(...##'##..≈≈#
#...#.(...#...#..≈≈#
#...#.....#...#..≈≈#
#...#..)..#...#..≈≈#
##'##.....##'##..≈≈#
#.........g..#...≈≈#
#.........g..#...≈≈#
#...##########...≈≈#


You could see 2 gnolls.

Vanquished Creatures
  An orc wizard (D:2)
  Terence (D:2)
  6 adders
  2 worms
  A ball python (D:3)
  5 bats
  2 giant cockroaches (D:1)
  13 goblins
  7 hobgoblins
  6 jackals
  A quokka (D:2)
  A giant gecko (D:2)
  2 giant newts
  6 kobolds
  7 rats
61 creatures vanquished.

Notes
Turn   | Place    | Note
--------------------------------------------------------------
     0 | D:1      | rftp080, the Felid Conjurer, began the quest for the Orb.
     0 | D:1      | Reached XP level 1. HP: 7/7 MP: 4/4
   357 | D:1      | Reached skill level 4 in Conjurations
   403 | D:1      | Reached XP level 2. HP: 7/11 MP: 5/5
   942 | D:2      | Learned a level 2 spell: Searing Ray
  1164 | D:2      | Noticed Terence
  1181 | D:2      | Reached XP level 3. HP: 8/14 MP: 8/8
  2018 | D:2      | Noticed Jessica
  2350 | D:2      | Noticed Sigmund
  2663 | D:2      | Reached XP level 4. HP: 18/18 MP: 3/10
  2857 | D:2      | Killed Terence
  3131 | D:2      | Killed from afar by Sigmund
  3132 | D:2      | Reached XP level 3. HP: -4/14 MP: 8/8
  3557 | D:2      | Noticed Ijyb
  4148 | D:1      | Reached XP level 4. HP: 9/18 MP: 11/11
  4474 | D:2      | Reached skill level 1 in Fighting
  4474 | D:2      | Reached skill level 5 in Conjurations
  4511 | D:2      | Shot with a stone by a gnoll

Action                   |  1- 3 |  4- 6 || total
-------------------------+-------+-------++-------
Melee: Unarmed           |    95 |    24 ||   119
 Cast: Magic Dart        |    69 |    28 ||    97
       Searing Ray       |     9 |     4 ||    13
  Use: Potion            |     2 |     1 ||     3
       Scroll            |     1 |       ||     1
 Stab: Sleeping          |     4 |     2 ||     6
